[Event "ICC tourney 2533 (25 5)"]
[Site "Internet Chess Club"]
[Date "2021.04.24"]
[Round "2"]
[White "T TRAN, JAMIE:K09-15367291"]
[Black "RUBINSTEIN MASH, ALEXANDER:K09-15052095"]
[Result "0-1"]
[ICCResult "White checkmated"]
[WhiteElo "1043"]
[BlackElo "1674"]
[Opening "Caro-Kann: Hillbilly attack"]
[ECO "B10"]
[NIC "CK.01"]
[Time "13:13:53"]
[PlyCount "64"]
[TimeControl "1500+5"]

1. e4 c6 2. Bc4 d5 3. exd5 cxd5 4. Bb5+ Nc6 5. Nf3 Nf6 6. O-O Bg4 7. h3 Bh5
8. Bxc6+ bxc6 9. d4 e6 10. Re1 Bd6 11. Bg5 O-O 12. c3 Bc7 13. Nbd2 Qd6 14.
Qc2 Bxf3 15. Nxf3 Ne4 16. h4 f6 17. Be3 e5 18. dxe5 fxe5 19. c4 Qg6 20. Qe2
Rf7 21. cxd5 cxd5 22. Rad1 Raf8 23. Bg5 Nxg5 24. hxg5 e4 25. Nh2 Qxg5 26.
g3 Rxf2 27. Qe3 Qxe3 28. Rxe3 Rxb2 29. Ng4 Bb6 30. Kh1 h5 31. Rc3 hxg4 32.
Rxd5 Rf1# { White checkmated } 0-1

[Event "ICC tourney 2533 (25 5)"]
[Site "Internet Chess Club"]
[Date "2021.04.24"]
[Round "2"]
[White "LAMPING, ANDREW:K09-16230258"]
[Black "MOU, IRIS:K09-15794244"]
[Result "0-1"]
[ICCResult "White checkmated"]
[WhiteElo "1327"]
[BlackElo "2059"]
[Opening "Caro-Kann: advance variation"]
[ECO "B12"]
[NIC "CK.02"]
[Time "13:11:16"]
[PlyCount "88"]
[TimeControl "1500+5"]

1. e4 c6 2. d4 d5 3. e5 c5 4. Nc3 Nc6 5. Bb5 e6 6. Nf3 a6 7. Bxc6+ bxc6 8.
Be3 cxd4 9. Nxd4 c5 10. Nb3 d4 11. O-O Bb7 12. Na4 dxe3 13. Qxd8+ Rxd8 14.
Na5 Be4 15. Nb6 exf2+ 16. Rxf2 c4 17. Naxc4 Bc5 18. Nd6+ Rxd6 19. exd6 Bxb6
20. Rd1 Kd7 21. Kf1 Bxf2 22. Kxf2 Nf6 23. c4 Rc8 24. b3 Rc6 25. a3 Rxd6 26.
Rxd6+ Kxd6 27. b4 Bd3 28. c5+ Kc6 29. a4 Bc2 30. b5+ axb5 31. a5 Kxc5 32.
a6 Kb6 33. a7 Kxa7 34. g4 Nxg4+ 35. Kf3 Nf6 36. h4 b4 37. h5 b3 38. h6 g6
39. Kf4 b2 40. Kg5 Ne4+ 41. Kf4 b1=Q 42. Ke5 Qb5+ 43. Kf4 Qf5+ 44. Ke3 Qf2#
{ White checkmated } 0-1

[Event "ICC tourney 2533 (25 5)"]
[Site "Internet Chess Club"]
[Date "2021.04.24"]
[Round "2"]
[White "SAMICH, MATTHEW:K09-15692130"]
[Black "RAJIV MUNDAYAT, ABINAV:K09-15264747"]
[Result "0-1"]
[ICCResult "White checkmated"]
[WhiteElo "1348"]
[BlackElo "2090"]
[Opening "Nimzo-Indian: Leningrad variation"]
[ECO "E30"]
[NIC "NI.25"]
[Time "13:13:44"]
[PlyCount "72"]
[TimeControl "1500+5"]

1. d4 Nf6 2. c4 e6 3. Nc3 Bb4 4. Bg5 O-O 5. e3 h6 6. Bxf6 Qxf6 7. Nf3 c5 8.
Bd3 d5 9. cxd5 exd5 10. Qc2 c4 11. Be2 Bf5 12. Qd1 Bxc3+ 13. bxc3 Nd7 14.
O-O Rfe8 15. Re1 Qd6 16. Nh4 Bh7 17. Bg4 Nf6 18. Bf5 g6 19. e4 dxe4 20. Bg4
h5 21. Be2 g5 22. Nf3 exf3 23. Bxf3 Rxe1+ 24. Qxe1 Re8 25. Qd1 g4 26. Bxb7
Qb6 27. Qa4 Qxb7 28. Qxc4 Qe4 29. g3 Qf3 30. Qc5 Ne4 31. Qc6 Qxf2+ 32. Kh1
Nxg3+ 33. hxg3 Be4+ 34. Qxe4 Rxe4 35. d5 Re2 36. d6 Qh2# { White checkmated
} 0-1

[Event "ICC tourney 2533 (25 5)"]
[Site "Internet Chess Club"]
[Date "2021.04.24"]
[Round "2"]
[White "OHLY, OLIVER:K09-16469982"]
[Black "VINCENT BAUTISTA, LUIS:K09-16516698"]
[Result "1-0"]
[ICCResult "Black checkmated"]
[WhiteElo "1525"]
[BlackElo "625"]
[Opening "QGD: Marshall defense"]
[ECO "D06"]
[NIC "QP.08"]
[Time "13:14:11"]
[PlyCount "71"]
[TimeControl "1500+5"]

1. d4 d5 2. c4 Nf6 3. cxd5 Nxd5 4. Nf3 g6 5. e4 Nf6 6. Nc3 Bg7 7. Bc4 O-O
8. O-O Nc6 9. Bf4 Bg4 10. d5 Nb4 11. a3 Na6 12. Rc1 Qd7 13. Bb5 c6 14. dxc6
bxc6 15. Qxd7 Nxd7 16. Bxa6 Nc5 17. Bc4 Bxf3 18. gxf3 Rab8 19. Bxb8 Rxb8
20. b4 Nd7 21. Ne2 Ne5 22. f4 Nf3+ 23. Kg2 Nh4+ 24. Kg3 Bf6 25. Rfd1 h6 26.
Rd7 e5 27. fxe5 Bxe5+ 28. Kxh4 Bxh2 29. Bxf7+ Kg7 30. Rxc6 Rf8 31. Bxg6+
Kg8 32. Re6 h5 33. Ree7 Bc7 34. Rg7+ Kh8 35. Rh7+ Kg8 36. Rdg7# { Black
checkmated } 1-0

[Event "ICC tourney 2533 (25 5)"]
[Site "Internet Chess Club"]
[Date "2021.04.24"]
[Round "2"]
[White "MERRILL, SYLVIA:K09-15066418"]
[Black "NAGAICH, ARNAV:K09-16256926"]
[Result "1-0"]
[ICCResult "Black checkmated"]
[WhiteElo "1540"]
[BlackElo "828"]
[Opening "Queen's pawn game, Darooha variation "]
[ECO "D02"]
[NIC "QP.08"]
[Time "13:13:21"]
[PlyCount "119"]
[TimeControl "1500+5"]

1. d4 d5 2. Nf3 Nf6 3. c4 e6 4. g3 c6 5. cxd5 cxd5 6. Bg2 Nc6 7. Nc3 Bb4 8.
Bd2 O-O 9. O-O Qc7 10. Rc1 Bxc3 11. Bxc3 Qb6 12. Qb3 Qxb3 13. axb3 Bd7 14.
Ne5 Rac8 15. Nxd7 Nxd7 16. Ra1 Nf6 17. e3 Ne4 18. Bxe4 dxe4 19. Rfc1 a6 20.
Ra4 Rc7 21. Rc4 b5 22. Rc5 Rfc8 23. Ba5 Nxa5 24. Rxc7 Rf8 25. b4 Nc4 26. b3
Nd2 27. Rc8 Nxb3 28. Rxf8+ Kxf8 29. Rc8+ Ke7 30. Ra8 Kd6 31. Rxa6+ Kd5 32.
Ra7 Kc4 33. Rxf7 Nd2 34. Rxg7 Kxb4 35. Rxh7 Kc3 36. Rb7 b4 37. h4 b3 38. h5
Nf3+ 39. Kg2 b2 40. h6 Ng5 41. g4 Kc2 42. Rc7+ Kd2 43. Rb7 Kc2 44. Rxb2+
Kxb2 45. Kg3 Kc2 46. Kf4 Nh7 47. g5 Kd3 48. g6 e5+ 49. Kxe5 Ng5 50. g7 Nf7+
51. Kf6 Nxh6 52. Kg6 Nf5 53. Kxf5 Ke2 54. g8=Q Kxf2 55. Qg4 Kxe3 56. Qxe4+
Kf2 57. Kf4 Kg1 58. Qe2 Kh1 59. Kg3 Kg1 60. Qe1# { Black checkmated } 1-0

[Event "ICC tourney 2533 (25 5)"]
[Site "Internet Chess Club"]
[Date "2021.04.24"]
[Round "2"]
[White "ELLIE WANG, YINGYUAN:K09-16257406"]
[Black "LEE, JOSHUA:K09-16260353"]
[Result "1-0"]
[ICCResult "Black resigns"]
[WhiteElo "507"]
[BlackElo "1285"]
[Opening "Ruy Lopez (Spanish opening)"]
[ECO "C68"]
[NIC "RL.01"]
[Time "13:12:51"]
[PlyCount "83"]
[TimeControl "1500+5"]

1. e4 e5 2. Nf3 Nc6 3. Bb5 a6 4. Bc4 Bc5 5. O-O Nf6 6. Nc3 O-O 7. d3 d6 8.
Be3 Bb6 9. d4 exd4 10. Nxd4 Nxd4 11. Bxd4 Bxd4 12. Qxd4 c5 13. Qd3 Re8 14.
Rfe1 b5 15. e5 dxe5 16. Qxd8 Rxd8 17. Bd3 Bb7 18. Rxe5 Re8 19. Rxc5 Re7 20.
a4 bxa4 21. Nxa4 Rae8 22. h3 Nd7 23. Ra5 Nb8 24. Nc5 Bc8 25. Nxa6 Nxa6 26.
Bxa6 Bxa6 27. Rxa6 h6 28. Ra8 Rxa8 29. Rxa8+ Kh7 30. b4 Re2 31. c3 Rc2 32.
Ra3 Kg6 33. b5 Kf6 34. Kf1 Ke6 35. b6 Rb2 36. Ra6 Kd7 37. c4 Kc8 38. c5 Kb7
39. Ra7+ Kc6 40. Rxf7 Kxc5 41. Rxg7 Rxb6 42. f4 { Black resigns } 1-0

[Event "ICC tourney 2533 (25 5)"]
[Site "Internet Chess Club"]
[Date "2021.04.24"]
[Round "2"]
[White "KE, RIANNE:K09-15179208"]
[Black "HAN, MATTHEW:K09-16312223"]
[Result "1-0"]
[ICCResult "Black checkmated"]
[WhiteElo "2020"]
[BlackElo "1320"]
[Opening "Ruy Lopez: closed, Flohr-Zaitsev system (Lenzerheide variation)"]
[ECO "C92"]
[NIC "RL.26"]
[Time "13:13:20"]
[PlyCount "115"]
[TimeControl "1500+5"]

1. e4 e5 2. Nf3 Nc6 3. Bb5 a6 4. Ba4 Nf6 5. O-O Be7 6. Re1 d6 7. c3 b5 8.
Bb3 O-O 9. h3 Bb7 10. d4 Re8 11. Nbd2 Qd7 12. d5 Nd8 13. a4 c6 14. Nf1 h6
15. Ng3 Qc7 16. Nf5 Bc8 17. Nxe7+ Rxe7 18. Qe2 Nb7 19. dxc6 Qxc6 20. axb5
Qb6 21. Be3 Qc7 22. bxa6 Nc5 23. Bxc5 Qxc5 24. Qc4 Qb6 25. Ba4 Bxa6 26. Qb3
Qc7 27. Bb5 Qc8 28. Bxa6 Rxa6 29. Rxa6 Qxa6 30. c4 Rc7 31. Nd2 Rb7 32. Qc3
Qa2 33. b4 Qa4 34. b5 Qa8 35. Ra1 Qc8 36. Qb4 Qc7 37. Ra6 Rb6 38. Qa5 Rb7
39. Qxc7 Rxc7 40. Rxd6 Ra7 41. b6 Rb7 42. c5 Ne8 43. Rd8 Kf8 44. Nc4 Ke7
45. Rxe8+ Kxe8 46. Nd6+ Kd7 47. Nxb7 Kc6 48. Nd8+ Kd7 49. Nxf7 Kc6 50.
Nxe5+ Kxc5 51. b7 Kb6 52. b8=Q+ Kc5 53. Qc7+ Kd4 54. Qd6+ Kxe4 55. f3+ Kf5
56. g4+ Kf4 57. Kf2 g5 58. Nd3# { Black checkmated } 1-0

[Event "ICC tourney 2533 (25 5)"]
[Site "Internet Chess Club"]
[Date "2021.04.24"]
[Round "2"]
[White "PETUKHOV, ARTHUR:K09-16615802"]
[Black "COLOMBO, DOMINIC:K09-14933967"]
[Result "0-1"]
[ICCResult "White checkmated"]
[WhiteElo "1287"]
[BlackElo "1960"]
[Opening "Sicilian: Najdorf, 7.f4"]
[ECO "B96"]
[NIC "SI.04"]
[Time "13:14:29"]
[PlyCount "92"]
[TimeControl "1500+5"]

1. e4 c5 2. Nf3 d6 3. d4 cxd4 4. Nxd4 Nf6 5. Nc3 a6 6. Bg5 e6 7. f4 h6 8.
Bh4 Qb6 9. a3 Be7 10. Bf2 Qc7 11. Qf3 b5 12. O-O-O Bb7 13. Bd3 Nbd7 14.
Rhe1 O-O 15. g4 Rfc8 16. g5 hxg5 17. fxg5 Ne5 18. Qh3 Nfg4 19. g6 Bg5+ 20.
Kb1 Nxf2 21. Qh7+ Kf8 22. Nxe6+ fxe6 23. Qh8+ Ke7 24. Qxg7+ Ke8 25. Qg8+
Kd7 26. Qh7+ Kc6 27. Qh5 Nxd1 28. Qxg5 Nxc3+ 29. bxc3 Nf3 30. Qg3 Nxe1 31.
Qxe1 Qg7 32. e5 Qxe5 33. Qh1+ d5 34. Qg1 Rh8 35. g7 Rhg8 36. h4 Rxg7 37.
Qf2 Rag8 38. Kb2 a5 39. Qf1 b4 40. axb4 axb4 41. Ka2 Ra8+ 42. Ba6 Rxa6+ 43.
Kb1 Qxc3 44. Qxa6+ Bxa6 45. Ka2 Rg1 46. h5 Bc4# { White checkmated } 0-1

[Event "ICC tourney 2533 (25 5)"]
[Site "Internet Chess Club"]
[Date "2021.04.24"]
[Round "2"]
[White "COOKE, GRAYSON:K09-15001077"]
[Black "KATZ, GAVIN:K09-15762048"]
[Result "1-0"]
[ICCResult "Black resigns"]
[WhiteElo "1713"]
[BlackElo "1056"]
[Opening "Nimzo-Indian: 4.e3 e8g8, 5.Nf3 d7d5"]
[ECO "E51"]
[NIC "NI.06"]
[Time "13:12:01"]
[PlyCount "87"]
[TimeControl "1500+5"]

1. d4 Nf6 2. c4 e6 3. Nc3 d5 4. Nf3 Bb4 5. e3 O-O 6. Bd3 Ne4 7. Qc2 Bxc3+
8. bxc3 f5 9. Ba3 Rf6 10. Ne5 Nd7 11. f3 Ng5 12. cxd5 exd5 13. h4 Nf7 14.
Nxf7 Kxf7 15. Bxf5 Nb6 16. Bxc8 Rxc8 17. e4 Re6 18. e5 Nc4 19. Bc1 Kg8 20.
Bg5 Qf8 21. Qa4 a6 22. Qd7 Rce8 23. Qxd5 b5 24. O-O h6 25. Bc1 Qe7 26. Qe4
Nd6 27. exd6 Rxe4 28. dxe7 R4xe7 29. Bf4 c6 30. Kf2 Rf7 31. Bg3 g5 32. hxg5
hxg5 33. Rfe1 Ref8 34. Re6 Rc8 35. Rg6+ Rg7 36. Rxg7+ Kxg7 37. Be5+ Kg6 38.
g4 Rf8 39. Rh1 Rc8 40. Rh8 Rxh8 41. Bxh8 Kf7 42. Ke3 Ke6 43. f4 gxf4+ 44.
Kxf4 { Black resigns } 1-0

[Event "ICC tourney 2533 (25 5)"]
[Site "Internet Chess Club"]
[Date "2021.04.24"]
[Round "2"]
[White "RAVINUTALA, NITYA:K09-15006650"]
[Black "LEYTE VIDAL, ABIGAIL:K09-17196864"]
[Result "1-0"]
[ICCResult "Black checkmated"]
[WhiteElo "912"]
[BlackElo "210"]
[Opening "Alekhine's defense: Mokele Mbembe (Bücker) variation"]
[ECO "B02"]
[NIC "AL.10"]
[Time "13:11:57"]
[PlyCount "85"]
[TimeControl "1500+5"]

1. e4 Nf6 2. e5 Ne4 3. d4 d5 4. Nc3 Nxc3 5. bxc3 Bd7 6. c4 e6 7. cxd5 exd5
8. Nf3 Be7 9. Be2 O-O 10. O-O Na6 11. c3 Bc6 12. Re1 Bd7 13. a4 Bg4 14. Ba3
Bxa3 15. Rxa3 Re8 16. Ra1 c6 17. Qd3 Qc8 18. h3 Bf5 19. Qd2 f6 20. Kf1 fxe5
21. Nxe5 Bg6 22. Qg5 Qd8 23. Qf4 Rf8 24. Qg3 Qf6 25. f3 Qf4 26. Qxf4 Rxf4
27. Red1 Raf8 28. Bd3 Bxd3+ 29. Rxd3 R4f5 30. Re3 R8f6 31. Rae1 Rg6 32.
Nxg6 Rf8 33. Nxf8 Nc7 34. Re7 Ne8 35. Rxe8 g5 36. Nxh7+ Kxh7 37. R1e6 Kg7
38. Rb8 Kf7 39. Rd6 Ke7 40. Rh6 Kd7 41. Rxb7+ Kc8 42. Rg7 Kd8 43. Rh8# {
Black checkmated } 1-0

[Event "ICC tourney 2533 (25 5)"]
[Site "Internet Chess Club"]
[Date "2021.04.24"]
[Round "2"]
[White "LANDE SHUMAN, NATHANIEL:K09-14782020"]
[Black "ALBEEZ, NURAYDA:K09-15657166"]
[Result "1-0"]
[ICCResult "Black checkmated"]
[WhiteElo "2133"]
[BlackElo "1351"]
[Opening "Queen's pawn: London system"]
[ECO "A45"]
[NIC "QP.07"]
[Time "13:11:32"]
[PlyCount "125"]
[TimeControl "1500+5"]

1. d4 Nf6 2. Bf4 c5 3. d5 b6 4. Nc3 Bb7 5. e4 g6 6. e5 Nh5 7. Be3 Bg7 8. g4
Nf6 9. exf6 Bxf6 10. Bg2 d6 11. Nf3 Na6 12. Qd2 Nc7 13. h4 Qd7 14. Bh3 Bxc3
15. Qxc3 O-O-O 16. g5 e6 17. dxe6 fxe6 18. Bg4 Rhf8 19. Rh3 Qf7 20. O-O-O
d5 21. Qe5 d4 22. Bd2 Bxf3 23. Rxf3 Qe7 24. Rf6 Rxf6 25. gxf6 Qf7 26. Re1
Re8 27. Bf4 Kb7 28. Qxc7+ Qxc7 29. Bxc7 Kxc7 30. f7 Rf8 31. Bxe6 Kd6 32.
Bb3 b5 33. Re8 Rxf7 34. Bxf7 Kd7 35. Ra8 Ke7 36. Rxa7+ Kf6 37. Be8 h6 38.
Bxb5 g5 39. Ra6+ Kg7 40. hxg5 hxg5 41. a4 c4 42. Bxc4 d3 43. Bxd3 g4 44.
Rg6+ Kf7 45. Rxg4 Ke7 46. Rb4 Kd7 47. a5 Kc6 48. a6 Kc5 49. a7 Kxb4 50.
a8=Q Kc5 51. Qa5+ Kd4 52. Qc3+ Kd5 53. Qc4+ Kd6 54. b4 Ke5 55. b5 Kd6 56.
b6 Kd7 57. b7 Ke7 58. b8=Q Kf6 59. Qe8 Kg5 60. Qcg8+ Kf4 61. Qgf7+ Kg4 62.
Qeg8+ Kh4 63. Qg3# { Black checkmated } 1-0

[Event "ICC tourney 2533 (25 5)"]
[Site "Internet Chess Club"]
[Date "2021.04.24"]
[Round "2"]
[White "DUNCAN, KEITH:K09-16866460"]
[Black "JAIN, ARYAN:K09-16802032"]
[Result "0-1"]
[ICCResult "White resigns"]
[WhiteElo "484"]
[BlackElo "1191"]
[Opening "Four knights game"]
[ECO "C47"]
[NIC "KP.06"]
[Time "13:12:31"]
[PlyCount "98"]
[TimeControl "1500+5"]

1. e4 e5 2. Nf3 Nc6 3. Nc3 Nf6 4. g3 Bc5 5. Bg2 d6 6. O-O O-O 7. d3 Re8 8.
Bg5 h6 9. Be3 Bb6 10. Re1 Bd7 11. Bxb6 axb6 12. Nb5 Ne7 13. Nc3 Ng6 14. d4
Bg4 15. dxe5 dxe5 16. Qe2 Qd6 17. Qb5 Qc6 18. Qxc6 bxc6 19. Rad1 Rad8 20.
Rxd8 Rxd8 21. Rd1 Rxd1+ 22. Nxd1 Nxe4 23. Ne3 Be6 24. Bf1 Bxa2 25. Bd3 Ng5
26. Bc4 Nxf3+ 27. Kg2 Bxc4 28. Nxc4 Nd4 29. c3 b5 30. Na5 Ne6 31. Nxc6 Nc5
32. b4 Na4 33. c4 bxc4 34. b5 Nc3 35. Na7 Ne7 36. f4 e4 37. g4 e3 38. Kf1
Ned5 39. f5 e2+ 40. Ke1 Nb4 41. Kd2 Nd3 42. Kxc3 e1=Q+ 43. Kxc4 Ne5+ 44.
Kc5 Qa5 45. Nc6 Nxc6 46. Kxc6 Qb6+ 47. Kd7 Qxb5+ 48. Kxc7 Qe2 49. h3 Qf3 {
White resigns } 0-1

[Event "ICC tourney 2533 (25 5)"]
[Site "Internet Chess Club"]
[Date "2021.04.24"]
[Round "2"]
[White "ZHUANG, KYLE:K09-16368295"]
[Black "MERCADO, PATRICIO:K09-16368776"]
[Result "1-0"]
[ICCResult "Black checkmated"]
[WhiteElo "1637"]
[BlackElo "1031"]
[Opening "Caro-Kann: classical, Flohr variation"]
[ECO "B18"]
[NIC "CK.10"]
[Time "13:13:53"]
[PlyCount "113"]
[TimeControl "1500+5"]

1. e4 c6 2. d4 d5 3. Nd2 dxe4 4. Nxe4 Bf5 5. Ng3 Bg6 6. Nh3 h6 7. Nf4 Bh7
8. Bc4 e6 9. c3 Nf6 10. Qe2 Be7 11. O-O O-O 12. Be3 Nbd7 13. Ngh5 Nxh5 14.
Nxh5 Bg6 15. Nf4 Be4 16. Qg4 Bf5 17. Qf3 Nf6 18. h3 Qb6 19. b3 Nd5 20. Nxd5
cxd5 21. Bxd5 exd5 22. Qxf5 Qc6 23. Rac1 Bf6 24. c4 Rad8 25. Rfd1 dxc4 26.
bxc4 Qa6 27. d5 Qxa2 28. Bxh6 Bb2 29. Qg4 Kh7 30. Qe2 gxh6 31. Rb1 Rg8 32.
Rxb2 Qa3 33. Rxb7 Rxg2+ 34. Kxg2 Rg8+ 35. Kh2 Qd6+ 36. Kh1 Qg6 37. Qd3 Qxd3
38. Rxd3 Ra8 39. Rxf7+ Kg8 40. Rdf3 a5 41. Rb7 a4 42. Rb2 a3 43. Ra2 h5 44.
Rfxa3 Rc8 45. Rc3 Kf7 46. c5 Ke7 47. d6+ Kd7 48. Ra7+ Kc6 49. Rc7+ Rxc7 50.
dxc7 Kxc7 51. c6 h4 52. f4 Kd6 53. c7 Kd5 54. c8=Q Kd4 55. Qc5+ Ke4 56.
Re3+ Kxf4 57. Qe5# { Black checkmated } 1-0

[Event "ICC tourney 2533 (25 5)"]
[Site "Internet Chess Club"]
[Date "2021.04.24"]
[Round "2"]
[White "GOWDA, PRAKYATH:K09-16326375"]
[Black "VUTUKURY, DHRUVA:K09-15485164"]
[Result "1-0"]
[ICCResult "Black checkmated"]
[WhiteElo "383"]
[BlackElo "930"]
[Opening "Sicilian: Smith-Morra gambit"]
[ECO "B21"]
[NIC "SI.48"]
[Time "13:12:31"]
[PlyCount "73"]
[TimeControl "1500+5"]

1. e4 c5 2. d4 cxd4 3. c3 Nc6 4. Nf3 Nf6 5. Bc4 Nxe4 6. O-O e6 7. Nxd4 Nxd4
8. Qxd4 Nf6 9. Bg5 Be7 10. Nd2 h6 11. Bh4 d5 12. Bb3 Bd7 13. Nf3 b6 14. Ne5
Bc5 15. Qd3 Be7 16. Nxd7 Qxd7 17. c4 dxc4 18. Qxc4 Rb8 19. Bg3 Rb7 20. Rad1
Nd5 21. Qg4 O-O 22. Be5 f6 23. Bf4 g5 24. Bg3 Bd6 25. Ba4 b5 26. Bb3 Rd8
27. Bxd6 Qxd6 28. Qh5 Kg7 29. Bc2 f5 30. g4 Nf4 31. Rxd6 Rxd6 32. Qe8 Rbd7
33. gxf5 Rd2 34. fxe6 Ne2+ 35. Kg2 R7d4 36. Qg6+ Kh8 37. Qh7# { Black
checkmated } 1-0

[Event "ICC tourney 2533 (25 5)"]
[Site "Internet Chess Club"]
[Date "2021.04.24"]
[Round "2"]
[White "LUKOSE, JAMES:K09-16437200"]
[Black "KOLLI, SIVA:K09-16953345"]
[Result "1-0"]
[ICCResult "Black checkmated"]
[WhiteElo "885"]
[BlackElo "181"]
[Opening "QGD Slav: 4.e3 Bf5"]
[ECO "D12"]
[NIC "QP.08"]
[Time "13:12:28"]
[PlyCount "127"]
[TimeControl "1500+5"]

1. d4 d5 2. Nf3 Nf6 3. e3 Bf5 4. c4 c6 5. Be2 e6 6. Nc3 Bb4 7. a3 Ba5 8. b4
Bc7 9. Bb2 O-O 10. O-O Ne4 11. Bd3 Nxc3 12. Bxc3 Bg4 13. h3 Bh5 14. Re1 Qd6
15. c5 Qe7 16. Qe2 Re8 17. e4 dxe4 18. Bxe4 e5 19. dxe5 Bxe5 20. Bxe5 Bxf3
21. Bxf3 Nd7 22. Bd6 Qxe2 23. Rxe2 Rxe2 24. Bxe2 Nf6 25. Bf3 Re8 26. Kf1
Ne4 27. Bxe4 Rxe4 28. Re1 Rxe1+ 29. Kxe1 f6 30. Ke2 Kf7 31. Kf3 h5 32. Ke4
Ke6 33. Bb8 a6 34. Bc7 Kd7 35. Bd6 g6 36. g4 hxg4 37. hxg4 Ke8 38. f4 Kf7
39. a4 b5 40. axb5 axb5 41. g5 fxg5 42. fxg5 Ke6 43. Bb8 Kf7 44. Ke5 Ke7
45. Bd6+ Kf7 46. Bc7 Ke7 47. Bd8+ Kxd8 48. Kd6 Kc8 49. Kxc6 Kb8 50. Kxb5
Kb7 51. c6+ Kc7 52. Kc5 Kc8 53. Kd6 Kd8 54. b5 Kc8 55. b6 Kb8 56. Kd7 Ka8
57. b7+ Kb8 58. c7+ Ka7 59. c8=Q Kb6 60. b8=Q+ Ka5 61. Qc5+ Ka4 62. Qa8+
Kb3 63. Qb7+ Ka4 64. Qca7# { Black checkmated } 1-0

[Event "ICC tourney 2533 (25 5)"]
[Site "Internet Chess Club"]
[Date "2021.04.24"]
[Round "2"]
[White "GUO, FELIX:K09-17353890"]
[Black "SLOAN, JED:K09-15515631"]
[Result "0-1"]
[ICCResult "White checkmated"]
[WhiteElo "1303"]
[BlackElo "1983"]
[Opening "Sicilian defense"]
[ECO "B44"]
[NIC "SI.39"]
[Time "13:14:11"]
[PlyCount "106"]
[TimeControl "1500+5"]

1. e4 c5 2. Nf3 e6 3. d4 cxd4 4. Nxd4 Nc6 5. Nxc6 bxc6 6. Nc3 d5 7. exd5
cxd5 8. Be2 Nf6 9. Bf4 Bd6 10. Bxd6 Qxd6 11. Bf3 O-O 12. O-O Bb7 13. Ne4
Nxe4 14. Bxe4 f5 15. Bf3 e5 16. c4 e4 17. Be2 d4 18. Qb3 Qc6 19. f3 d3 20.
Bd1 Rad8 21. f4 Qc5+ 22. Kh1 Bc6 23. Qc3 e3 24. Re1 e2 25. Bxe2 dxe2 26.
Rxe2 Rd4 27. Qg3 Rxc4 28. h3 Rc2 29. Qb3+ Rc4 30. Re5 Qb4 31. Qd3 Rd4 32.
Qc2 Be4 33. Qc3 Qxc3 34. bxc3 Rd2 35. Rg1 Rxa2 36. Re7 Rc8 37. Rd1 Rb8 38.
Rxe4 fxe4 39. Rd4 e3 40. Re4 e2 41. Kh2 Rb1 42. c4 e1=Q 43. Rxe1 Rxe1 44.
c5 Rc2 45. c6 Rxc6 46. f5 a5 47. f6 a4 48. f7+ Kxf7 49. h4 a3 50. Kg3 a2
51. h5 a1=Q 52. h6 Qc3+ 53. Kh2 Rxh6# { White checkmated } 0-1

[Event "ICC tourney 2533 (25 5)"]
[Site "Internet Chess Club"]
[Date "2021.04.24"]
[Round "2"]
[White "LESTER, JALEEL:K09-17178433"]
[Black "KASI, ARUNACHALAM:K09-16244965"]
[Result "1-0"]
[ICCResult "Black resigns"]
[WhiteElo "519"]
[BlackElo "1291"]
[Opening "Caro-Kann: advance variation"]
[ECO "B12"]
[NIC "CK.04"]
[Time "13:13:31"]
[PlyCount "133"]
[TimeControl "1500+5"]

1. e4 c6 2. d4 d5 3. e5 Bf5 4. Nf3 e6 5. Nc3 c5 6. Bb5+ Nc6 7. Ne2 Ne7 8.
Bg5 Qc7 9. Bxe7 Bxe7 10. c3 a6 11. Bxc6+ bxc6 12. O-O h6 13. a3 a5 14. b4
cxb4 15. axb4 O-O 16. bxa5 Rxa5 17. Qd2 Rfa8 18. Rxa5 Qxa5 19. h3 Qa2 20.
Qxa2 Rxa2 21. Ng3 Bh7 22. Re1 Rc2 23. Ra1 Rxc3 24. Ra8+ Bf8 25. h4 Be4 26.
Nxe4 dxe4 27. Nd2 e3 28. fxe3 Rxe3 29. Rc8 Re1+ 30. Kf2 Rc1 31. Ne4 g6 32.
Nf6+ Kg7 33. Ne8+ Kg8 34. Nf6+ Kg7 35. h5 gxh5 36. Nxh5+ Kg6 37. g4 Be7 38.
Rg8+ Kh7 39. Rg7+ Kh8 40. Rxf7 Bh4+ 41. Ke2 Re1+ 42. Kd2 Re4 43. Kd3 Rxg4
44. Nf6 Bxf6 45. Rxf6 h5 46. Rxe6 Kg7 47. Rxc6 Rg3+ 48. Kc4 h4 49. Rc7+ Kg6
50. e6 h3 51. e7 Re3 52. Rc6+ Kg5 53. Rc8 h2 54. Rh8 Re2 55. Rxh2 Rxe7 56.
Rf2 Kg4 57. d5 Re1 58. d6 Kg3 59. Rd2 Re8 60. d7 Rd8 61. Kc5 Kf3 62. Kc6
Ke3 63. Rd6 Ke4 64. Kc7 Ke5 65. Kxd8 Kxd6 66. Ke8 Kc6 67. d8=Q { Black
resigns } 1-0

[Event "ICC tourney 2533 (25 5)"]
[Site "Internet Chess Club"]
[Date "2021.04.24"]
[Round "2"]
[White "LI, EMMA:K09-16538490"]
[Black "WILSON, RONEN:K09-15349011"]
[Result "0-1"]
[ICCResult "White resigns"]
[WhiteElo "1342"]
[BlackElo "2079"]
[Opening "Sicilian: Najdorf, Byrne (English) attack"]
[ECO "B90"]
[NIC "SI.14"]
[Time "13:13:53"]
[PlyCount "70"]
[TimeControl "1500+5"]

1. e4 c5 2. Nf3 d6 3. d4 cxd4 4. Nxd4 Nf6 5. Nc3 a6 6. Be3 Ng4 7. Bg5 h6 8.
Bh4 g5 9. Bg3 Bg7 10. f3 Ne3 11. Qd2 Bxd4 12. Bf2 Nxc2+ 13. Qxc2 Bxf2+ 14.
Qxf2 Nc6 15. Bc4 Ne5 16. Qd4 Qc7 17. Bb3 Qc5 18. Qxc5 Nd3+ 19. Ke2 Nxc5 20.
Nd5 Rb8 21. Rac1 Be6 22. Nc7+ Kd7 23. Bxe6+ fxe6 24. b4 Na4 25. b5 Rhc8 26.
bxa6 Rxc7 27. Rxc7+ Kxc7 28. Rc1+ Kb6 29. axb7 Kxb7 30. Rb1+ Kc7 31. Rxb8
Kxb8 32. Kd2 Kc7 33. Kc2 d5 34. Kb3 Nc5+ 35. Kb4 dxe4 { White resigns } 0-1

[Event "ICC tourney 2533 (25 5)"]
[Site "Internet Chess Club"]
[Date "2021.04.24"]
[Round "2"]
[White "ARIA NEISHABOURI, JACKSON:K09-16811344"]
[Black "CONTRERAS, NATHAN:K09-16265062"]
[Result "1-0"]
[ICCResult "Black forfeits on time"]
[WhiteElo "976"]
[BlackElo "424"]
[Opening "Sicilian: Nimzovich-Rossolimo attack (without ...d6)"]
[ECO "B30"]
[NIC "SI.31"]
[Time "13:12:31"]
[PlyCount "47"]
[TimeControl "1500+5"]

1. e4 c5 2. Nf3 Nc6 3. Bb5 Nd4 4. Nxd4 cxd4 5. d3 Nf6 6. O-O a6 7. Bc4 Qc7
8. g3 e6 9. Bf4 Qc5 10. a3 d5 11. b4 Qc6 12. Bb3 dxe4 13. Be5 Qc3 14. Nxc3
dxc3 15. Bxc3 Ng4 16. Qxg4 f5 17. Ba4+ b5 18. Bxb5+ axb5 19. Qh5+ g6 20.
Qe2 Bd7 21. Bxh8 O-O-O 22. Bf6 Bg7 23. Bxg7 Rg8 24. Be5 { Black forfeits on
time } 1-0

[Event "ICC tourney 2533 (25 5)"]
[Site "Internet Chess Club"]
[Date "2021.04.24"]
[Round "2"]
[White "E DUROST, BENJAMIN:K09-17214574"]
[Black "MAXIMILIAN RUIZ, ANTHONY:K09-17237494"]
[Result "1-0"]
[ICCResult "Black checkmated"]
[WhiteElo "444"]
[BlackElo "1079"]
[Opening "Queen's pawn, Mason variation"]
[ECO "D00"]
[NIC "QP.08"]
[Time "13:12:31"]
[PlyCount "111"]
[TimeControl "1500+5"]

1. d4 d5 2. Bf4 c6 3. c3 Qb6 4. Qb3 Nd7 5. Nf3 Ngf6 6. h3 Ne4 7. Nbd2 Ndf6
8. e3 Nxd2 9. Nxd2 Bf5 10. Qxb6 axb6 11. g4 Bc2 12. Rc1 Be4 13. Nxe4 Nxe4
14. Bg2 Rxa2 15. Bxe4 dxe4 16. Rc2 e6 17. O-O Be7 18. Be5 O-O 19. f4 f6 20.
Bc7 f5 21. Bxb6 Bh4 22. g5 Rfa8 23. Bc5 Ra1 24. Ba3 Ra2 25. Rd1 R8xa3 26.
Rcd2 Ra6 27. c4 Ra1 28. d5 exd5 29. cxd5 cxd5 30. Rxd5 R6a2 31. Rd8+ Kf7
32. Rd7+ Kg6 33. Rd6+ Kh5 34. Rd7 h6 35. Rxa1 Rxa1+ 36. Kg2 Re1 37. Rxg7
Rxe3 38. Rh7 Rg3+ 39. Kh2 Rxg5 40. fxg5 Bxg5 41. Rxb7 e3 42. Kg2 f4 43. Rf7
Kh4 44. b4 e2 45. Kf2 Kxh3 46. b5 h5 47. b6 e1=Q+ 48. Kxe1 Bh4+ 49. Ke2 Bg3
50. Kf3 h4 51. b7 Kh2 52. b8=Q h3 53. Qb2+ Bf2 54. Qxf2+ Kh1 55. Rh7 h2 56.
Rxh2# { Black checkmated } 1-0